 Dungeon Crawl Stone Soup version 0.29-a0-409-gd843f3a48c (webtiles) character file.

Game seed: 422054437003561877

135176 dolemite99 the Stickfighter (level 16, -3/117 (136) HPs)
             Began as a Demonspawn Gladiator on May 14, 2022.
             Was an Elder of Jiyva.
             Slain by a pharaoh ant (30 damage)
             ... on level 3 of the Spider Nest.
             The game lasted 00:44:45 (27056 turns).

dolemite99 the Stickfighter (Demonspawn Gladiator) Turns: 27056, Time: 00:44:45

HP:   -3/117 (136)  AC: 26    Str: 21 (24) XL:     16   Next: 63%
MP:   0/16          EV:  6    Int: 17 (19) God:    Jiyva [****..]
Gold: 556           SH:  0    Dex: 15 (17) Spells: 15/15 levels left

rFire   + . .      SeeInvis +   a - +4 quarterstaff (pain)
rCold   + + +      Faith    .   (shield currently unavailable)
rNeg    . . .      Spirit   +   N - +4 crystal plate armour {rC+}
rPois   +          Reflect  .   (helmet restricted)
rElec   .          Harm     .   o - scarf {+Inv}
rCorr   +          Rampage  .   (no gloves)
Will    +....                   J - +0 pair of boots of Ucer {rC+ rCorr Str+4}
Stlth   ..........              r - amulet of guardian spirit
HPRegen 2.57/turn               n - ring of see invisible
MPRegen 0.55/turn               u - ring of the Commoners {Drain rPois rF+ rC+ Int+5, =R}

@: held, heavily drained
A: hooves 2, thin metallic scales 2, foul stench 3, powered by death 3, beak,
agile 1, clever 1, mutation resistance 1, acidic bite, gelatinous body 1,
pseudopods 3, translucent skin 1, sturdy frame 3, engulf
a: Renounce Religion, Evoke Invisibility, Oozemancy, Slimify


You were on level 3 of the Spider Nest.
You worshipped Jiyva.
Jiyva was greatly pleased with you.
You visited 4 branches of the dungeon, and saw 26 of its levels.
You visited the Abyss 1 time.
You also visited: Sewer and Ice Cave.

You collected 1281 gold pieces.
You spent 725 gold pieces at shops.

Inventory:

Hand Weapons
 a - a +4 quarterstaff of pain (weapon)
 b - a +0 hand crossbow
 s - the +8 falchion of Hittakhu {freeze, rPois rC++ Dex+2}
   (You found it on level 6 of the Lair of Beasts)

   It freezes those it strikes, dealing additional cold damage.
   It can also slow down cold-blooded creatures.
   Dex:       It affects your dexterity (+2).
   rC:        It greatly protects you from cold.
   rPois:     It protects you from poison.
 y - a +3 vorpal hunting sling
 B - a +3 quarterstaff
 C - a +0 flail
 M - a +0 triple crossbow of freezing
 Q - a +0 dire flail of venom
 T - a +2 vorpal morningstar
Missiles
 d - a throwing net (quivered)
 p - 356 stones
 H - 3 datura-tipped darts
Armour
 g - a +2 helmet
 o - a scarf of invisibility (worn)
 J - the +0 pair of boots of Ucer (worn) {rC+ rCorr Str+4}
   (You found it on level 3 of the Lair of Beasts)

   Str:       It affects your strength (+4).
   rC:        It protects you from cold.
   rCorr:     It protects you from acid and corrosion.
 N - a +4 crystal plate armour of cold resistance (worn)
Jewellery
 c - a +4 ring of evasion
 m - a ring of protection from cold
 n - a ring of see invisible (left hand)
 r - an amulet of guardian spirit (around neck)
 t - a ring of protection from cold
 u - the ring of the Commoners (right hand) {Drain rPois rF+ rC+ Int+5, =R}
   (You bought it in a shop on level 2 of the Orcish Mines)

   [ring of protection from fire]

   Int:       It affects your intelligence (+5).
   rF:        It protects you from fire.
   rC:        It protects you from cold.
   rPois:     It protects you from poison.
   Drain:     It drains your maximum health when unequipped.
 E - a +4 ring of protection
 I - a ring of fire
 P - a ring of willpower
 X - a ring of flight
Wands
 q - a wand of polymorph (13)
 z - a wand of charming (8)
 G - a wand of acid (1)
 W - a wand of flame (4)
Scrolls
 j - 5 scrolls of noise
 D - a scroll of vulnerability
 F - 2 scrolls of teleportation
 L - 4 scrolls of amnesia
 R - 2 scrolls of blinking
 S - a scroll of silence
Potions
 e - 2 potions of might
 f - 2 potions of haste
 h - a potion of resistance
 i - a potion of mutation
 k - 3 potions of magic
 l - a potion of lignification
 v - 3 potions of curing
 w - a potion of cancellation
 x - 4 potions of brilliance
 A - 2 potions of attraction
 V - 2 potions of ambrosia {unknown}


   Skills:
 + Level 15.4 Fighting
 - Level 15.5 Staves
 - Level 8.0 Throwing
 + Level 14.7 Armour
 - Level 2.6 Dodging
 - Level 11.1 Evocations


You had 15 spell levels left.
You didn't know any spells.
Your spell library contained the following spells:

 Spells                   Type           Power      Damage    Failure   Level
 Apportation              Tloc           0%         N/A       88%         1
 Foxfire                  Conj/Fire      0%         2x1d4     88%         1
 Corpse Rot               Necr/Air       0%         N/A       96%         2
 Sublimation of Blood     Necr           0%         N/A       96%         2
 Wereblood                Tmut           0%         N/A       96%         2
 Conjure Flame            Conj/Fire      0%         6-21      99%         3
 Dazzling Flash           Conj/Hex       0%         N/A       99%         3
 Inner Flame              Hex/Fire       0%         N/A       99%         3
 Ozocubu's Armour         Ice            0%         N/A       99%         3
 Portal Projectile        Hex/Tloc       0%         N/A       99%         3
 Dispel Undead            Necr           0%         3d6       100%        4
 Flame Wave               Conj/Fire      0%         2d4       100%        4
 Iskenderun's Mystic Bla  Conj/Tloc      0%         2d3       100%        4
 Alistair's Intoxication  Tmut/Pois      0%         N/A       100%        5
 Blade Hands              Tmut           0%         N/A       100%        5
 Excruciating Wounds      Necr           0%         N/A       100%        5
 Metabolic Englaciation   Hex/Ice        0%         N/A       100%        5
 Summon Forest            Summ/Tloc      0%         N/A       100%        5
 Summon Mana Viper        Hex/Summ       0%         N/A       100%        5
 Death Channel            Necr           0%         N/A       100%        6
 Simulacrum               Ice/Necr       0%         N/A       100%        6
 Starburst                Conj/Fire      0%         6d3       100%        6
 Summon Cactus Giant      Summ           0%         N/A       100%        6
 Summon Hydra             Summ           0%         N/A       100%        7


Dungeon Overview and Level Annotations

Branches:
Dungeon (15/15)            Temple (0/1) D:4            Lair (6/6) D:8
 Shoals (0/4) Lair:3       Spider (3/4) Lair:3        Slime (0/5) Lair:6
    Orc (2/2) D:11            Elf (0/3) Orc:2        Vaults (0/5) D:14
 Depths (0/4) D:15          Sewer (visited)           IceCv (visited)

Altars:
Ashenzari
Zin
Beogh
Jiyva

Shops:
D:4 (   D:8 *((   D:13 :   Orc:2 :*=!

Portals:
Trove: D:15 (give +6 demon whip)

Annotations:
D:10 Erolcha
Lair:2 2 transporters, croobank's ghost, journeyman GnDe


Innate Abilities, Weirdness & Mutations

You have hoof-like feet.
You are mostly covered in thin metallic scales. (AC +3)
You frequently emit foul miasma when damaged in melee.
You regenerate a lot of health from kills.
You have a beak for a mouth.
You are agile. (Dex +2)
Your mind is acute. (Int +2)
You are somewhat resistant to further mutation.
You have acidic saliva.
Your rubbery body absorbs attacks. (AC +1, EV +1)
Armour fits poorly on your massive pseudopods.
Your translucent skin slightly reduces your foes' accuracy. (Stealth+)
Your movements are significantly less encumbered by armour. (ER -6)
Your melee attacks may engulf your foes in ooze.


Message History

You are even more entangled.
The tarantella touches you.
* * * LOW HITPOINT WARNING * * *
You are confused.
You emit a cloud of foul miasma!
The redback bites you!
* * * LOW HITPOINT WARNING * * *
You are too confused!
Unknown command.
Unknown command.
You feel much better. The pharaoh ant barely misses you.
The tarantella is engulfed in dark miasma.
The tarantella is poisoned.
The tarantella touches you but does no damage.
The redback bites you. The pharaoh ant bites you!!
* * * LOW HITPOINT WARNING * * *
The jorogumo hits you but does no damage.
You feel much better.
The tarantella is engulfed in dark miasma.
The tarantella looks even sicker.
The tarantella seems to slow down.
The tarantella touches you but does no damage.
The redback bites you but does no damage.
The pharaoh ant bites you!
You feel drained.
The tarantella is engulfed in dark miasma.
The tarantella looks even sicker.
The tarantella touches you but does no damage.
The redback bites you but does no damage.
The jorogumo hits you.
* * * LOW HITPOINT WARNING * * *
You are too confused!
Unknown command.
You feel better. The pharaoh ant bites you!!
* * * LOW HITPOINT WARNING * * *
You feel drained.
* * * LOW HITPOINT WARNING * * *
The redback barely misses you.
The tarantella is engulfed in dark miasma.
The tarantella looks as sick as possible!
The tarantella seems to slow down.
The tarantella touches you but does no damage.
The pharaoh ant bites you!!
You die...

......##....##
##... ..
#.†...### ####..#
.....#†.†.#.##
#..^#..
.....^#......#
##.....
...#.#.......#
#.....
..#...#.†#.##
#...#.
...^....#..#
####..
.......#..##.#
##^ .^....#.B@s.#
##
#.##.^...Hs.....#
#....#^#†.......
#....#.#..#^#..#.
#....^. .........
#....#.##........
#...#.# ..#.....#
.... . ...##...


You could see a jorogumo (extremely poisoned, slow, corroded), a pharaoh ant, a
tarantella (extremely poisoned, slow) and a redback.

Vanquished Creatures
  A fire giant (D:15)
  2 ghost moths (Spider:3)
  2 emperor scorpions (Spider:2)
  Louise (D:14)
  A reaper (IceCv)
  2 entropy weavers
  Josephine (D:12)
  Snorg (D:12)
  9 boulder beetles
  Harold (D:11)
  4 hydras
  Erica (D:11)
  7 centaur warriors
  3 radroaches (Spider:3)
  4 ogre magi (Orc:2)
  A death knight (D:14)
  14 two-headed ogres
  3 catoblepae (Lair:6)
  11 death yaks
  Nergalle (Lair:1)
  A fire crab (D:10)
  2 pharaoh ants (Spider:2)
  A sea snake (shapeshifter) (D:13)
  6 skeletal warriors
  6 orb spiders
  A swamp dragon (D:10)
  9 steelbarb worms
  Pikel (D:5)
  A phantasmal warrior (D:14)
  2 deep elf pyromancers
  3 orc knights
  2 orc sorcerers (Orc:2)
  11 wolf spiders
  An ugly thing (D:12)
  3 manticores
  3 cyclopes
  Maurice (D:7)
  6 elephants (Lair:6)
  Joseph (D:9)
  Maggie (D:7)
  6 black mambas
  A gargoyle (D:11)
  Psyche (D:8)
  An unseen horror (D:11)
  2 ice statues (IceCv)
  3 torpor snails
  11 cane toads
  4 centaur skeletons (D:14)
  3 freezing wraiths
  A kobold demonologist (D:11)
  13 demonic crawlers
  4 ice devils (IceCv)
  2 yaktaurs (D:14)
  12 komodo dragons
  2 tengu conjurers (D:14)
  2 entropy weaver simulacra (IceCv)
  A queen bee (shapeshifter) (D:15)
  A polar bear (Lair:5)
  6 meliai (Spider:3)
  6 trolls
  A tarantella (shapeshifter) (D:15)
  25 blink frogs
  4 tyrant leeches
  Grinder (Sewer)
  28 tarantellas
  19 jumping spiders
  20 culicivoras
  2 water elementals (D:15)
  3 dire elephant simulacra (IceCv)
  A vampire (D:9)
  43 yaks
  A wyvern (Lair:2)
  5 wraiths
  2 steam dragons
  5 basilisks
  29 redbacks
  6 vampire mosquitoes
  4 wargs
  2 acid dragons
  5 harpy simulacra (IceCv)
  Duvessa (D:5)
  11 water moccasins
  A meliai simulacrum (D:15)
  18 orc warriors
  23 ogres
  27 wolves
  16 centaurs
  2 kobold brigands (Sewer)
  3 lemures
  11 bullfrogs
  A gnoll sergeant (D:10)
  Dowan (D:5)
  10 killer bees
  6 howler monkeys
  4 electric eels
  4 hounds
  19 orc priests
  6 iguanas
  23 orc wizards
  7 hell rats (Lair:6)
  2 wolf simulacra
  An adder (D:5)
  12 gnolls
  A naga simulacrum (IceCv)
  A river rat (D:3)
  2 shadow imps (Sewer)
  2 white imps
  6 ufetubi
  3 worms (D:3)
  2 dart slugs
  66 orcs
  6 ball pythons
  An endoplasm (D:1)
  6 giant cockroaches
  4 goblins
  6 hobgoblins
  7 jackals
  4 quokkas
  10 bats
  A frilled lizard (D:1)
  21 kobolds
  A kobold zombie (Sewer)
  5 rats
784 creatures vanquished.

Vanquished Creatures (collateral kills)
  A two-headed ogre (D:7)
  An orb spider (Spider:1)
2 creatures vanquished.

Vanquished Creatures (others)
  A catoblepas (D:14)
  A deep elf pyromancer (D:14)
  3 ugly things (D:14)
  A cyclops (D:14)
  A manticore (D:15)
  A gargoyle (D:11)
  A tarantella (Spider:2)
  4 slime creatures
  A blink frog (Lair:6)
  A jumping spider (Spider:3)
  A water elemental (D:15)
  A wraith (D:12)
  A yak (D:8)
  A steam dragon (shapeshifter) (D:15)
  A warg (D:8)
  A black bear (D:8)
  A sky beast (D:8)
  A tengu (shapeshifter) (D:15)
  A centaur (D:9)
  2 wolves (Lair:3)
  A lemure (D:5)
  A kobold brigand (D:9)
  4 necrophages
  A howler monkey (D:5)
  141 jellies
  A quasit (Sewer)
  6 orc priests
  An iguana (D:5)
  6 orc wizards
  3 adders
  2 gnolls (D:7)
  3 shadow imps
  A white imp (D:7)
  An endoplasm (D:4)
  26 orcs
  A ball python (D:2)
  A goblin (D:4)
  A hobgoblin (D:4)
  2 kobolds
  A quokka (D:4)
  A rat (D:3)
  2 bushes
  87 fungi
  118 plants
438 creatures vanquished.

Grand Total: 1224 creatures vanquished

Notes
Turn   | Place    | Note
-------+----------+-------------------------------------------
     0 | D:1      | dolemite99 the Demonspawn Gladiator began the quest for the
                  | Orb.
     0 | D:1      | Reached XP level 1. HP: 16/16 MP: 1/1
   261 | D:1      | Gained mutation: You may rarely emit foul miasma when
                  | damaged in melee. [demonic ancestry]
   261 | D:1      | Reached XP level 2. HP: 15/22 MP: 2/2
   443 | D:1      | Found a faded altar of an unknown god.
   458 | D:1      | Prayed at the altar of an unknown god.
   458 | D:1      | Became a worshipper of Jiyva Jarphes the Shapeless
   458 | D:1      | Reached * piety under Jiyva
   873 | D:2      | Reached ** piety under Jiyva
  1084 | D:2      | Reached XP level 3. HP: 27/27 MP: 3/3
  1390 | D:2      | HP: 1/27 [gnoll/staff of poison (1)]
  1408 | D:2      | Gained mutation: You are partially covered in thin metallic
                  | scales. (AC +2) [demonic ancestry]
  1408 | D:2      | Reached XP level 4. HP: 14/33 MP: 2/4
  1537 | D:3      | Found a broken altar of Ashenzari.
  2087 | D:3      | Found a glowing drain.
  2096 | Sewer    | Entered a sewer
  2110 | Sewer    | Reached skill level 5 in Staves
  2155 | Sewer    | Reached *** piety under Jiyva
  2240 | Sewer    | Gained mutation: Your body has grown eyes which may confuse
                  | attackers. (Acc +3) [Jiyva's grace]
  2240 | Sewer    | Gained mutation: Your body has grown many eyes which may
                  | confuse attackers. (Acc +5) [Jiyva's grace]
  2240 | Sewer    | Gained mutation: Your body is covered in eyes which may
                  | confuse attackers. (Acc +7, SInv) [Jiyva's grace]
  2240 | Sewer    | Gained mutation: You expend magic power (3 MP) to
                  | strengthen your wands. [Jiyva's grace]
  2283 | Sewer    | Gained mutation: You have large cloven feet. [demonic
                  | ancestry]
  2283 | Sewer    | Reached XP level 5. HP: 38/38 MP: 1/5
  2358 | Sewer    | Noticed Grinder
  2376 | Sewer    | Paralysed by Grinder for 3 turns
  2393 | Sewer    | Killed Grinder
  2394 | Sewer    | Reached XP level 6. HP: 25/44 MP: 4/6
  2432 | Sewer    | Found a burning altar of Makhleb.
  2626 | D:4      | Found Ocoth's Weapon Shoppe.
  2684 | D:4      | Gained mutation: You sometimes emit foul miasma when
                  | damaged in melee. [demonic ancestry]
  2684 | D:4      | Reached XP level 7. HP: 50/50 MP: 7/7
  2979 | D:4      | Found a staircase to the Ecumenical Temple.
  3532 | D:5      | Entered Level 5 of the Dungeon
  3562 | D:5      | Noticed Dowan
  3563 | D:5      | Noticed Duvessa
  3596 | D:5      | Killed Duvessa
  3608 | D:5      | Killed Dowan
  4097 | D:5      | Noticed Pikel
  4131 | D:5      | Killed Pikel
  4132 | D:5      | Gained mutation: You regenerate a little health from kills.
                  | [demonic ancestry]
  4132 | D:5      | Reached XP level 8. HP: 56/56 MP: 8/8
  4248 | D:5      | Reached **** piety under Jiyva
  5008 | D:6      | Gained mutation: You have an increased reservoir of magic.
                  | (+10% MP) [Jiyva's grace]
  5008 | D:6      | Gained mutation: You have a considerably increased
                  | reservoir of magic. (+20% MP) [Jiyva's grace]
  5008 | D:6      | Gained mutation: You have a greatly increased reservoir of
                  | magic. (+30% MP) [Jiyva's grace]
  5008 | D:6      | Gained mutation: Your translucent skin slightly reduces
                  | your foes' accuracy. (Stealth+) [Jiyva's grace]
  5016 | D:6      | Reached skill level 10 in Staves
  5132 | D:6      | Reached ***** piety under Jiyva
  5903 | D:7      | Noticed Maggie
  5922 | D:7      | Reached XP level 9. HP: 61/61 MP: 11/11
  5933 | D:7      | Killed Maggie
  6093 | D:7      | Noticed a two-headed ogre
  6102 | D:7      | Killed a two-headed ogre
  6510 | D:8      | Noticed Maurice
  6568 | D:7      | Killed Maurice
  6569 | D:7      | Gained mutation: You regenerate health from kills. [demonic
                  | ancestry]
  6569 | D:7      | Reached XP level 10. HP: 56/67 MP: 13/13
  6705 | D:8      | Found Vuac's Assorted Antiques.
  6708 | D:8      | Bought a scroll labelled RASYPI CE POYCH for 28 gold pieces
  6709 | D:8      | Bought a scroll of identify for 56 gold pieces
  6765 | D:8      | Found Jemekk's Antique Weapon Shop.
  6788 | D:8      | Found Ryazi's Weapon Emporium.
  6929 | D:8      | Found a staircase to the Lair.
  7210 | D:8      | Noticed Psyche
  7222 | D:8      | Killed Psyche
  7586 | D:8      | Lost mutation: You have a greatly increased reservoir of
                  | magic. (+30% MP) [Jiyva's grace]
  7586 | D:8      | Lost mutation: Your body is covered in eyes which may
                  | confuse attackers. (Acc +7, SInv) [Jiyva's grace]
  7586 | D:8      | Lost mutation: You expend magic power (3 MP) to strengthen
                  | your wands. [Jiyva's grace]
  7586 | D:8      | Gained mutation: You are robust. (+10% HP) [Jiyva's grace]
  7586 | D:8      | Gained mutation: You are very robust. (+20% HP) [Jiyva's
                  | grace]
  7586 | D:8      | Gained mutation: You are extremely robust. (+30% HP)
                  | [Jiyva's grace]
  7586 | D:8      | Gained mutation: You are somewhat resistant to further
                  | mutation. [Jiyva's grace]
  7698 | D:9      | Found a flagged portal.
  7792 | D:9      | Noticed Joseph
  8058 | D:9      | Killed Joseph
  8301 | D:9      | Reached skill level 15 in Staves
  8558 | D:10     | Entered Level 10 of the Dungeon
  9160 | D:10     | Gained mutation: You regenerate a lot of health from kills.
                  | [demonic ancestry]
  9160 | D:10     | Reached XP level 11. HP: 93/93 MP: 13/13
  9169 | D:10     | Noticed Erolcha
  9172 | D:10     | Cast into level 2 of the Abyss (Erolcha)
  9192 | Abyss:2  | Noticed a catoblepas
  9193 | Abyss:2  | Noticed a fire crab
  9194 | Abyss:2  | Noticed a fire crab
  9194 | Abyss:2  | Noticed a swamp dragon
  9203 | D:10     | Escaped the Abyss
  9264 | D:11     | Reached skill level 1 in Armour
  9446 | D:11     | Found a staircase to the Orcish Mines.
  9470 | D:11     | Noticed Harold
  9487 | D:11     | Killed Harold
  9489 | D:11     | Reached skill level 5 in Armour
  9756 | D:10     | Killed a swamp dragon
 10187 | D:10     | Killed a fire crab
 10470 | D:8      | Bought a crooked ivory wand for 112 gold pieces
 10491 | Lair:1   | Entered Level 1 of the Lair of Beasts
 10491 | Lair:1   | Lost mutation: Your body has grown many eyes which may
                  | confuse attackers. (Acc +5) [Jiyva's grace]
 10491 | Lair:1   | Lost mutation: Your translucent skin slightly reduces your
                  | foes' accuracy. (Stealth+) [Jiyva's grace]
 10491 | Lair:1   | Gained mutation: You have a greatly increased reservoir of
                  | magic. (+30% MP) [Jiyva's grace]
 10491 | Lair:1   | Gained mutation: Your system is resistant to poisons.
                  | (rPois) [Jiyva's grace]
 10491 | Lair:1   | Gained mutation: Your rubbery body absorbs attacks. (AC +1,
                  | EV +1) [Jiyva's grace]
 10491 | Lair:1   | Gained mutation: Your pliable body absorbs attacks. (AC +2,
                  | EV +2) [Jiyva's grace]
 10614 | Lair:1   | Noticed a death yak
 10614 | Lair:1   | Noticed a death yak
 10615 | Lair:1   | Noticed a death yak
 10615 | Lair:1   | Noticed a death yak
 10615 | Lair:1   | Noticed a death yak
 10656 | Lair:1   | Killed a death yak
 10670 | Lair:1   | Killed a death yak
 10680 | Lair:1   | Killed a death yak
 10696 | Lair:1   | Killed a death yak
 10699 | Lair:1   | Killed a death yak
 10701 | Lair:1   | Reached XP level 12. HP: 101/101 MP: 15/15
 11233 | Lair:1   | Noticed Nergalle
 11269 | Lair:1   | Killed Nergalle
 11270 | Lair:1   | Reached skill level 5 in Fighting
 11879 | Lair:2   | Found a frozen archway.
 11900 | IceCv    | Entered an ice cave
 12394 | IceCv    | Noticed a reaper
 12404 | IceCv    | Killed a reaper
 12759 | Lair:2   | Reached skill level 1 in Evocations
 12808 | Lair:2   | Noticed croobank's ghost (journeyman GnDe)
 12822 | Lair:2   | Found a transporter.
 12858 | Lair:2   | Found a transporter.
 13315 | Lair:3   | Lost mutation: You have a greatly increased reservoir of
                  | magic. (+30% MP) [Jiyva's grace]
 13315 | Lair:3   | Lost mutation: You have a considerably increased reservoir
                  | of magic. (+20% MP) [Jiyva's grace]
 13315 | Lair:3   | Lost mutation: You have an increased reservoir of magic.
                  | (+10% MP) [Jiyva's grace]
 13315 | Lair:3   | Lost mutation: You are extremely robust. (+30% HP) [Jiyva's
                  | grace]
 13315 | Lair:3   | Gained mutation: Your body has grown many eyes which may
                  | confuse attackers. (Acc +5) [Jiyva's grace]
 13315 | Lair:3   | Gained mutation: Your body is covered in eyes which may
                  | confuse attackers. (Acc +7, SInv) [Jiyva's grace]
 13315 | Lair:3   | Gained mutation: Armour fits poorly on your pseudopods.
                  | [Jiyva's grace]
 13315 | Lair:3   | Gained mutation: Armour fits poorly on your large
                  | pseudopods. [Jiyva's grace]
 13432 | Lair:3   | Found a gate leading to a gauntlet.
 13678 | Lair:3   | Found a hole to the Spider Nest.
 13691 | Lair:3   | Identified the +0 pair of boots of Ucer {rC+ rCorr Str+4}
 13852 | Lair:3   | Gained mutation: You have hoof-like feet. [demonic
                  | ancestry]
 13852 | Lair:3   | Reached XP level 13. HP: 121/121 MP: 13/13
 13894 | Lair:3   | Found a staircase to the Shoals.
 14976 | Lair:5   | Reached skill level 5 in Throwing
 14976 | Lair:5   | Reached skill level 5 in Evocations
 15181 | Lair:5   | Lost mutation: You are somewhat resistant to further
                  | mutation. [Jiyva's grace]
 15181 | Lair:5   | Lost mutation: Your system is resistant to poisons. (rPois)
                  | [Jiyva's grace]
 15181 | Lair:5   | Lost mutation: You are very robust. (+20% HP) [Jiyva's
                  | grace]
 15181 | Lair:5   | Lost mutation: You are robust. (+10% HP) [Jiyva's grace]
 15181 | Lair:5   | Lost mutation: Armour fits poorly on your large pseudopods.
                  | [Jiyva's grace]
 15181 | Lair:5   | Gained mutation: You have hooves in place of feet. [Jiyva's
                  | grace]
 15181 | Lair:5   | Gained mutation: You are agile. (Dex +2) [Jiyva's grace]
 15181 | Lair:5   | Gained mutation: You are very agile. (Dex +4) [Jiyva's
                  | grace]
 15181 | Lair:5   | Gained mutation: You have a pair of small horns on your
                  | head. [Jiyva's grace]
 15278 | Lair:5   | Reached ****** piety under Jiyva
 15743 | Lair:6   | Entered Level 6 of the Lair of Beasts
 16232 | Lair:6   | Found a staircase to the Slime Pits.
 16282 | Lair:6   | Reached skill level 10 in Fighting
 16293 | Lair:6   | Reached skill level 10 in Armour
 16347 | Lair:6   | Reached XP level 14. HP: 110/110 MP: 12/14
 16607 | Lair:6   | Identified the +8 falchion of Hittakhu {freeze, rPois rC++
                  | Dex+2}
 16734 | Lair:6   | Found a viscous altar of Jiyva.
 17325 | D:11     | Lost mutation: Your body is covered in eyes which may
                  | confuse attackers. (Acc +7, SInv) [Jiyva's grace]
 17325 | D:11     | Lost mutation: Your body has grown many eyes which may
                  | confuse attackers. (Acc +5) [Jiyva's grace]
 17325 | D:11     | Gained mutation: Your translucent skin slightly reduces
                  | your foes' accuracy. (Stealth+) [Jiyva's grace]
 17325 | D:11     | Gained mutation: Your translucent skin reduces your foes'
                  | accuracy. (Stealth+) [Jiyva's grace]
 17325 | D:11     | Gained mutation: Your transparent skin significantly
                  | reduces your foes' accuracy. (Stealth+) [Jiyva's grace]
 17325 | D:11     | Gained mutation: Your melee attacks may engulf your foes in
                  | ooze. [Jiyva's grace]
 17429 | D:11     | Noticed Erica
 17453 | D:11     | Killed Erica
 18003 | D:12     | Noticed Josephine
 18014 | D:12     | Killed Josephine
 18260 | D:12     | Lost mutation: You have a pair of small horns on your head.
                  | [Jiyva's grace]
 18260 | D:12     | Gained mutation: You are covered in slimy tendrils that may
                  | disarm your opponents. [Jiyva's grace]
 18260 | D:12     | Gained mutation: You have a small jelly attached to you
                  | that senses nearby items. [Jiyva's grace]
 18260 | D:12     | Gained mutation: Your body has grown many eyes which may
                  | confuse attackers. (Acc +5) [Jiyva's grace]
 18260 | D:12     | Gained mutation: Your body is covered in eyes which may
                  | confuse attackers. (Acc +7, SInv) [Jiyva's grace]
 18407 | D:12     | Noticed Snorg
 18420 | D:12     | Killed Snorg
 18734 | Orc:1    | Entered Level 1 of the Orcish Mines
 18885 | Orc:2    | Entered Level 2 of the Orcish Mines
 18885 | Orc:2    | Found a staircase to the Elven Halls.
 19422 | Orc:2    | Reached skill level 10 in Evocations
 19450 | Orc:2    | Gained mutation: You frequently emit foul miasma when
                  | damaged in melee. [demonic ancestry]
 19450 | Orc:2    | Reached XP level 15. HP: 120/120 MP: 15/15
 19488 | Orc:2    | Found Litwu's Distillery.
 19488 | Orc:2    | Found Ehefru's Assorted Antiques.
 19488 | Orc:2    | Found Piobot's Jewellery Shop.
 19488 | Orc:2    | Found Veha's Book Emporium.
 19584 | Orc:2    | Lost mutation: You have hooves in place of feet. [Jiyva's
                  | grace]
 19584 | Orc:2    | Lost mutation: You are very agile. (Dex +4) [Jiyva's grace]
 19584 | Orc:2    | Lost mutation: Your body is covered in eyes which may
                  | confuse attackers. (Acc +7, SInv) [Jiyva's grace]
 19584 | Orc:2    | Lost mutation: Your body has grown many eyes which may
                  | confuse attackers. (Acc +5) [Jiyva's grace]
 19584 | Orc:2    | Lost mutation: Your transparent skin significantly reduces
                  | your foes' accuracy. (Stealth+) [Jiyva's grace]
 19584 | Orc:2    | Lost mutation: You have a small jelly attached to you that
                  | senses nearby items. [Jiyva's grace]
 19584 | Orc:2    | Gained mutation: Armour fits poorly on your large
                  | pseudopods. [Jiyva's grace]
 19584 | Orc:2    | Gained mutation: Armour fits poorly on your massive
                  | pseudopods. [Jiyva's grace]
 19584 | Orc:2    | Gained mutation: You have acidic saliva. [Jiyva's grace]
 19584 | Orc:2    | Gained mutation: Your mind is acute. (Int +2) [Jiyva's
                  | grace]
 20242 | D:13     | Found Hidir's Book Shop.
 21182 | D:14     | Noticed Louise
 21189 | D:14     | Killed Louise
 21294 | D:14     | Found a gate to the Vaults.
 21519 | D:15     | Entered Level 15 of the Dungeon
 21634 | D:15     | Lost mutation: Your body has grown eyes which may confuse
                  | attackers. (Acc +3) [Jiyva's grace]
 21634 | D:15     | Lost mutation: Your pliable body absorbs attacks. (AC +2,
                  | EV +2) [Jiyva's grace]
 21634 | D:15     | Lost mutation: You are covered in slimy tendrils that may
                  | disarm your opponents. [Jiyva's grace]
 21634 | D:15     | Gained mutation: You are somewhat resistant to further
                  | mutation. [Jiyva's grace]
 21634 | D:15     | Gained mutation: You are somewhat resistant to both further
                  | mutation and mutation removal. [Jiyva's grace]
 21634 | D:15     | Gained mutation: You are almost entirely resistant to
                  | further mutation and mutation removal. [Jiyva's grace]
 21634 | D:15     | Gained mutation: You are very agile. (Dex +4) [Jiyva's
                  | grace]
 22033 | D:15     | Found a portal to a secret trove of treasure.
 22360 | D:15     | Noticed a fire giant
 22376 | D:15     | Found a staircase to the Depths.
 22389 | D:15     | Killed a fire giant
 23194 | Orc:2    | Bought the ring of the Commoners {Drain rPois rF+ rC+
                  | Int+5} for 529 gold pieces
 23392 | Spider:1 | Entered Level 1 of the Spider Nest
 23860 | Spider:1 | Identified the +1 mace of Guilt {drain, MP+9 Str-2 Int-4
                  | Dex+8}
 24627 | Spider:1 | Lost mutation: You are very agile. (Dex +4) [Jiyva's grace]
 24627 | Spider:1 | Lost mutation: You are almost entirely resistant to further
                  | mutation and mutation removal. [Jiyva's grace]
 24627 | Spider:1 | Lost mutation: You are somewhat resistant to both further
                  | mutation and mutation removal. [Jiyva's grace]
 24627 | Spider:1 | Lost mutation: Your translucent skin reduces your foes'
                  | accuracy. (Stealth+) [Jiyva's grace]
 24627 | Spider:1 | Gained mutation: You have a beak for a mouth. [Jiyva's
                  | grace]
 24627 | Spider:1 | Gained mutation: Your movements are slightly less
                  | encumbered by armour. (ER -2) [Jiyva's grace]
 24627 | Spider:1 | Gained mutation: Your movements are less encumbered by
                  | armour. (ER -4) [Jiyva's grace]
 24627 | Spider:1 | Gained mutation: Your movements are significantly less
                  | encumbered by armour. (ER -6) [Jiyva's grace]
 25141 | Spider:2 | Gained mutation: You are mostly covered in thin metallic
                  | scales. (AC +3) [demonic ancestry]
 25141 | Spider:2 | Reached XP level 16. HP: 113/132 MP: 12/16
 25232 | Spider:2 | Identified the +4 rapier "Demonspawn's Regret" {venom,
                  | +Blink rPois Will- Int+5}
 26382 | Spider:3 | Reached skill level 15 in Fighting
 27056 | Spider:3 | Slain by a pharaoh ant

Illustrated notes

Levels and vault maps discovered:
D:1:      sevenhm_arrival_forest_fort_small_3, layout_loops_cross,
          hellmonk_ecumenical_altar_zigzags
D:2:      layout_rooms
D:3:      layout_rooms, mainiacjoe_overflow_24_doors, gup_sewer_entry_spiral
D:4:      layout_rooms, minmay_temple_entry_tees, serial_shops,
          nicolae_shop_temple_entry_statues_fountains
D:5:      layout_cave_pods, kennysheep_generic_room_15, uniq_pikel, uniq_duvessa
D:6:      layout_loops_corners, kennysheep_flooded_box
D:7:      layout_loops_cross, grunt_ogre_cave, uniq_maggie
D:8:      layout_basic, erik_lair_orcish_takeover, serial_shops,
          nicolae_shop_behind_doors, shop, nicolae_take_the_stairs, uniq_psyche,
          uniq_maurice
D:9:      layout_basic, enter_bailey_8, uniq_joseph
D:10:     layout_cave_pools, uniq_erolcha
D:11:     layout_cave_pools, hiddenorc1_lemuel, serial_park, serial_park_gazebo
          [serial_park_minivault_5x5_3], serial_park_square3
          [serial_park_minivault_5x5_1], serial_park_square1
          [serial_park_minivault_5x5_7], serial_park_tiny_1, uniq_harold,
          uniq_erica
D:12:     layout_stronghold, uniq_snorg, uniq_josephine
D:13:     layout_irregular_city, serial_shops, kennysheep_little_box
D:14:     layout_basic, hangedman_vaults_entry_quadrant_bands,
          lemuel_nasty_fountain, uniq_louise
D:15:     grunt_enter_depths_giant_problem, layout_basic,
          nicolae_trove_entry_columns, serial_bayou_pond_b
Lair:1:   layout_cave_pods, fungi_pond_lemuel, serial_bayou_shore_a,
          uniq_nergalle
Lair:2:   layout_regular_city, portal_ice_cave_entry_ice_simulacra,
          gammafunk_ghost_arena, st_stairs_10
Lair:3:   layout_chaotic_city, elwin_shoals_entry_rooms,
          nicolae_spider_entry_tight_spaces, gauntlet_entry_generic
Lair:4:   layout_loops_ring, st_stairs_9
Lair:5:   layout_regular_city
Lair:6:   evilmike_catoblepas_cave, layout_regular_city, slime_altar_1,
          basic_altar, chequers_serial_rivers_micro_b, serial_bayou_shore_b
Spider:1: layout_chambers, nicolae_crawler_farm
Spider:2: layout_spider_delve, hangedman_stitches_earthworm,
          nicolae_spider_cling_halls
Spider:3: layout_spider_delve
Orc:1:    layout_diamond_mine, basic_altar
Orc:2:    st_orc_ogre_mass, layout_caves, minmay_orc_temple_b

Skill      XL: |  1  2  3  4  5  6  7  8  9 10 11 12 13 14 15 16 |
---------------+-------------------------------------------------+-----
Staves         | 3 4 5 6 7 9 11 13 15 | 15.5
Armour         | 9 10 11 13 14 | 14.7
Fighting       | 9 10 11 13 15 | 15.4
Throwing       | 4 7 8 |  8.0
Evocations     | 3 7 10 11 | 11.1
Dodging        | |  2.6

Action                   |  1- 3 |  4- 6 |  7- 9 | 10-12 | 13-15 | 16-18 || total
-------------------------+-------+-------+-------+-------+-------+-------++-------
Melee: Quarterstaff      |   123 |   151 |   240 |   795 |  1227 |   317 ||  2853
       Kick              |       |    16 |    82 |    97 |   312 |       ||   507
       Unarmed           |       |       |     4 |       |       |       ||     4
       Pseudopods        |       |       |       |    12 |   388 |    89 ||   489
       Headbutt          |       |       |       |       |    97 |       ||    97
       Bite              |       |       |       |       |   132 |    56 ||   188
       Peck              |       |       |       |       |    37 |    93 ||   130
 Fire: Hand crossbow     |       |       |       |     7 |       |       ||     7
Throw: Javelin           |       |       |       |       |    17 |       ||    17
       Dart              |       |       |       |       |    36 |       ||    36
Invok: Oozemancy         |       |     1 |     2 |    10 |    21 |     6 ||    40
Evoke: Wand              |       |       |       |    35 |     5 |    13 ||    53
  Use: Scroll            |       |     7 |     5 |    11 |    10 |       ||    33
       Potion            |       |       |     1 |     3 |     2 |     5 ||    11
 Stab: Confused          |       |     5 |    10 |    21 |    28 |       ||    64
       Distracted        |       |       |       |     1 |       |       ||     1
       Invisible         |       |       |       |       |       |     3 ||     3
Armor: Leather armour    |     7 |       |       |       |       |       ||     7
       Plate armour      |    82 |    76 |   110 |   385 |       |       ||   653
       Ring mail         |     2 |       |       |       |       |       ||     2
       Crystal plate arm |       |       |       |   123 |   732 |   249 ||  1104
Dodge: Dodged            |    97 |    80 |   106 |   378 |   720 |   231 ||  1612

Table legend: (Time is in decaauts)
 A = Elapsed time spent in this place.
 B = Non-inter-level travel time spent in this place.
 C = Inter-level travel time spent in this place.
 D = Time resting spent in this place.
 E = Time spent auto-exploring this place.
 F = Levels seen in this place.
 G = Mean time per level.
                   A        B        C        D        E       F      G
               +--------+--------+--------+--------+--------+-----+--------+
         Total |  26235 |  24708 |   1527 |   4489 |  13852 |  29 |  904.7 |
       Dungeon |  14681 |  13695 |    986 |   3124 |   7577 |  15 |  978.7 |
          Lair |   5800 |   5479 |    321 |    260 |   3847 |   6 |  966.7 |
   Spider Nest |   3441 |   3374 |     67 |    720 |   1640 |   3 | 1147.0 |
  Orcish Mines |   1153 |   1001 |    152 |     21 |    633 |   2 |  576.5 |
         Abyss |     23 |     23 |      0 |      0 |      0 |   1 |   23.0 |
         Sewer |    463 |    463 |      0 |     74 |    127 |   1 |  463.0 |
      Ice Cave |    671 |    671 |      0 |    289 |     26 |   1 |  671.0 |
               +--------+--------+--------+--------+--------+-----+--------+

Top non-repeatable levels by time:
Spider:1: 1447 daAuts
    D:14: 1389 daAuts
  Lair:6: 1301 daAuts
     D:5: 1299 daAuts
     D:9: 1259 daAuts
  Lair:1: 1180 daAuts
Spider:2: 1178 daAuts
     D:8: 1090 daAuts
    D:12: 1075 daAuts
    D:10: 1045 daAuts
    D:15: 1036 daAuts
  Lair:3: 962 daAuts
     D:4: 930 daAuts
   Orc:2: 894 daAuts
     D:6: 881 daAuts
